 Dungeon Crawl Stone Soup version 0.21.1-1-g345015f (webtiles) character file.

879 shakethe the Cudgeler (level 7, -1/50 HPs)
             Began as a Demonspawn Gladiator on Feb 16, 2018.
             Slain by Pikel
             ... wielding a +1 whip of electrocution
              (7 damage)
             ... on level 4 of the Dungeon.
             The game lasted 00:07:37 (5149 turns).

shakethe the Cudgeler (Demonspawn Gladiator)        Turns: 5149, Time: 00:07:37

Health: -1/50      AC:  7    Str: 19    XL:     7   Next: 75%
Magic:  0/7        EV: 18    Int:  7    God:
Gold:   217        SH:  0    Dex: 17    Spells: 6/6 levels left

rFire    . . .     SeeInvis .   a - +0 flail
rCold    . . .     Gourm    .   (no shield)
rNeg     . . .     Faith    .   b - +0 leather armour
rPois    +         Spirit   +   c - +0 helmet
rElec    .         Reflect  .   r - +1 cloak
rCorr    .         Harm     .   q - +0 pair of gloves
MR       +....                  (no boots)
Stlth    ++........             (no amulet)
HPRegen  0.16/turn              e - ring of stealth {Stlth+}
MPRegen  0.10/turn              i - ring of poison resistance {rPois, !d}

@: mighty
A: claws 1, talons 1, repulsion field 2, blink, dopey 1, magic resistance 1,
powered by pain 2, magic shield
a: Blink


You were on level 4 of the Dungeon.
You were hungry.

You visited 1 branch of the dungeon, and saw 5 of its levels.

You collected 217 gold pieces.

Inventory:

Hand Weapons
 a - a +0 flail (weapon)
Missiles
 d - 3 throwing nets {=f, !d}
Armour
 b - a +0 leather armour (worn)
 c - a +0 helmet (worn)
 p - a +0 cloak
   (You took it off Crazy Yiuf on level 2 of the Dungeon)
 q - a +0 pair of gloves (worn)
   (You found it on level 3 of the Dungeon)
 r - a +1 cloak (worn)
   (You found it on level 3 of the Dungeon)
Magical Staves
 k - an uncursed staff of death {unknown}
   (You found it on level 4 of the Dungeon)
Jewellery
 e - a ring of stealth (left hand) {Stlth+}
   (You found it on level 1 of the Dungeon)
 i - a ring of poison resistance (right hand) {rPois, !d}
   (You found it on level 1 of the Dungeon)
Wands
 v - a wand of random effects (17)
   (You took it off Ijyb on level 4 of the Dungeon)
Scrolls
 g - a scroll of enchant weapon {unknown}
 h - a scroll of teleportation {unknown}
 j - 2 scrolls of amnesia {unknown}
 m - a scroll of immolation {unknown}
 n - 2 scrolls of remove curse {unknown}
 o - 5 scrolls of identify {unknown}
 s - a scroll of fog {unknown}
 t - a scroll of blinking {unknown}
Potions
 l - a potion of heal wounds {unknown}
 u - a potion of might
 w - a potion of curing
Comestibles
 f - 6 rations


   Skills:
 - Level 2.0 Fighting
 * Level 6.9 Maces & Flails
 - Level 1.7 Throwing
 + Level 2.0 Armour
 + Level 5.1 Dodging


You had 6 spell levels left.
You didn't know any spells.

Dungeon Overview and Level Annotations

Branches:
Dungeon (5/15)
 Temple: D:4-7

Altars:
Ashenzari
Makhleb
Xom

Annotations:
D:4 exclusion: slave, Pikel


Innate Abilities, Weirdness & Mutations

You have sharp fingernails.
You are surrounded by a moderate repulsion field. (EV +3)
You sometimes gain power by taking damage.
When hurt, damage is shared between your health and your magic reserves.
You have sharp toenails.
You can translocate small distances at will.
You are dopey. (Int -2)
You are resistant to hostile enchantments. (MR+)


Message History

No target in view!
No target in view!
No target in view!
No target in view!
f - 6 rations (gained 1)
An adder skeleton comes into view.
The adder skeleton bites you but does no damage.
You hit the adder skeleton but do no damage.
Your kick misses the adder skeleton. The adder skeleton closely misses you.
You hit the adder skeleton. Your kick misses the adder skeleton.
The adder skeleton closely misses you.
You sock the adder skeleton!
You destroy the adder skeleton!
No target in view!
No target in view!
No target in view!
No target in view!
No target in view!
No target in view!
No target in view!
No target in view!
No target in view!
No target in view!
No target in view!
A slave comes into view. 3 slaves and Pikel come into view.
Pikel is wielding a whip of electrocution.
The slave shouts! x2
You closely miss the slave. The slave hits you but does no damage.
You closely miss the slave. The slave completely misses you.
You closely miss the slave. The slave hits you but does no damage.
You barely miss the slave.
The slave shouts!
The slave misses you. The slave completely misses you.
You hear a shout!
You hit the slave. The slave misses you.
You hit the slave. You claw the slave. The slave misses you.
You closely miss the slave. You claw the slave, but do no damage.
The slave closely misses you.
You sock the slave! The slave completely misses you.
You hit the slave. The slave closely misses you.
You barely miss the slave.
You kill the slave!
That felt strangely unrewarding.
Pikel shouts!
You hit the slave. You claw the slave, but do no damage.
The slave closely misses you.
You hit the slave but do no damage. You claw the slave. The slave hits you.
You take 2 damage, and have 48/50 hp.
You closely miss the slave. The slave barely misses you.
You hit the slave. You claw the slave, but do no damage. You hit Pikel.
You hit Pikel but do no damage. You claw Pikel, but do no damage.
Pikel says, "You'll fetch a fair price!"
Pikel closely misses you.
You barely miss Pikel. Your kick misses Pikel. Pikel barely misses you.
You barely miss Pikel. Your kick misses Pikel. Pikel closely misses you.
You closely miss Pikel.
Pikel says, "You'll feel the lick of my whip!"
Pikel hits you with a whip of electrocution.
You take 2 damage, and have 47/50 hp.
You hit Pikel but do no damage. Your kick misses Pikel.
Pikel hits you with a whip of electrocution.
You take 1 damage, and have 46/50 hp.
You sock Pikel!
Pikel hits you with a whip of electrocution.
You take 2 damage, and have 44/50 hp.
You barely miss Pikel. Your kick misses Pikel. Pikel misses you.
You sock Pikel! Pikel hits you but does no damage.
You are electrocuted!
You focus on the pain.
You feel your power returning.
You take 11 damage, and have 33/50 hp.
MASSIVE DAMAGE!!
You barely miss Pikel. Your kick misses Pikel. Pikel closely misses you.
You sock Pikel! You claw Pikel.
Pikel hits you with a whip of electrocution.
You take 5 damage, and have 28/50 hp.
You now have 6/7 mp.
You barely miss Pikel. Your kick misses Pikel. Pikel misses you.
You barely miss Pikel. You claw Pikel, but do no damage.
Pikel hits you with a whip of electrocution!
You take 7 damage, and have 22/50 hp.
You now have 4/7 mp.
You hit Pikel but do no damage. You claw Pikel, but do no damage.
Pikel closely misses you. x2
You closely miss Pikel. Pikel closely misses you.
You closely miss Pikel. Your kick misses Pikel.
Pikel hits you with a whip of electrocution.
You take 2 damage, and have 20/50 hp.
You hit Pikel but do no damage. Pikel closely misses you.
You hit Pikel. You claw Pikel, but do no damage. Pikel misses you.
You hit Pikel but do no damage. Your kick misses Pikel.
Pikel hits you with a whip of electrocution.
You are electrocuted!
* * * LOW HITPOINT WARNING * * *
You take 15 damage, and have 6/50 hp.
MASSIVE DAMAGE!!
You now have 2/7 mp.
You feel very mighty all of a sudden.
Pikel hits you with a whip of electrocution.
You are electrocuted!
You die...

.#####'## #.#
#.#....#
..####.# ###.#
#....#.#
#......# #...#
###..#.#
#(.....###.###
#..#.###
)..........#
#..#...#
#......#####
#..###.#
#......#
####....#.#
#......#
#.......#.#
#......#
#@###.###.#
#......# #K#
#.....#
####.#.# #p#
####### #...#
#p# ##..#
#p..Kpp..
#####..#
#########
.......#
.....#>#
.....#.#


You could see Pikel and 3 slaves.

Vanquished Creatures
  Sigmund (D:2)
  2 ogres (D:4)
  A slave (D:4)
  3 centaurs
  Crazy Yiuf (D:2)
  2 orc wizards
  Ijyb (D:4)
  Natasha (twice) (D:4)
  A hound skeleton (D:3)
  6 adders
  3 oozes (D:1)
  An adder skeleton (D:4)
  3 dart slugs
  A leopard gecko (D:1)
  9 orcs
  3 giant cockroaches
  10 goblins
  8 hobgoblins
  6 jackals (D:1)
  5 bats
  2 frilled lizards (D:1)
  5 kobolds
  7 rats
83 creatures vanquished.

Notes
Turn   | Place    | Note
-------+----------+-------------------------------------------
     0 | D:1      | shakethe the Demonspawn Gladiator began the quest for the Orb.
     0 | D:1      | Reached XP level 1. HP: 16/16 MP: 1/1
    33 | D:1      | Reached skill level 3 in Maces & Flails
   148 | D:1      | Gained mutation: You sometimes gain a little power by taking damage. [demonic ancestry]
   148 | D:1      | Reached XP level 2. HP: 19/22 MP: 2/2
   260 | D:1      | Reached skill level 3 in Dodging
   643 | D:1      | Gained mutation: You have sharp fingernails. [demonic ancestry]
   643 | D:1      | Reached XP level 3. HP: 27/27 MP: 3/3
  1270 | D:2      | HP: 5/27 [kobold/short sword (3)]
  1513 | D:2      | Found a burning altar of Makhleb.
  1513 | D:2      | Found a shimmering altar of Xom.
  1628 | D:2      | Noticed Sigmund
  1844 | D:2      | Reached skill level 4 in Maces & Flails
  1865 | D:2      | Noticed a centaur
  1866 | D:2      | Gained mutation: You are surrounded by a mild repulsion field. (EV +2) [demonic ancestry]
  1866 | D:2      | Reached XP level 4. HP: 33/33 MP: 4/4
  1878 | D:2      | Killed a centaur
  1878 | D:2      | Gained mutation: When hurt, damage is shared between your health and your magic reserves. [demonic ancestry]
  1878 | D:2      | Reached XP level 5. HP: 16/38 MP: 5/5
  2301 | D:2      | Found a runed door.
  2750 | D:2      | Noticed Crazy Yiuf
  2758 | D:2      | Killed Crazy Yiuf
  3067 | D:2      | HP: 1/38 [Sigmund/scythe of freezing (9)]
  3069 | D:2      | Killed Sigmund
  3069 | D:2      | Reached skill level 5 in Maces & Flails
  3069 | D:2      | Reached skill level 4 in Dodging
  3069 | D:2      | Gained mutation: You are surrounded by a moderate repulsion field. (EV +3) [demonic ancestry]
  3069 | D:2      | Reached XP level 6. HP: 2/44 MP: 0/6
  3640 | D:3      | Reached skill level 6 in Maces & Flails
  4167 | D:4      | You fall through a shaft!
  4167 | D:5      | Entered Level 5 of the Dungeon
  4200 | D:5      | HP: 11/44 [centaur/arrow (11)]
  4214 | D:5      | HP: 5/44 [centaur (4)]
  4219 | D:5      | Gained mutation: You sometimes gain power by taking damage. [demonic ancestry]
  4219 | D:5      | Reached XP level 7. HP: 4/50 MP: 3/7
  4219 | D:5      | HP: 2/50 [orc/club (2)]
  4222 | D:5      | Gained mutation: You are dopey. (Int -2) [potion of mutation]
  4222 | D:5      | Gained mutation: You are resistant to hostile enchantments. (MR+) [potion of mutation]
  4222 | D:5      | Gained mutation: You can translocate small distances at will. [potion of mutation]
  4222 | D:5      | Gained mutation: You have sharp toenails. [potion of mutation]
  4226 | D:5      | HP: 11/50 [something (2)]
  4227 | D:5      | HP: 5/50 [something/puff of frost (6)]
  4556 | D:4      | Found a shattered altar of Ashenzari.
  4569 | D:4      | Reached skill level 1 in Armour
  4593 | D:4      | Noticed Natasha
  4605 | D:4      | Killed Natasha
  4655 | D:4      | Reached skill level 5 in Dodging
  4930 | D:4      | Noticed Natasha
  4938 | D:4      | Killed Natasha
  4961 | D:4      | Noticed Ijyb
  4989 | D:4      | Killed Ijyb
  4996 | D:4      | Reached skill level 2 in Armour
  5112 | D:4      | Noticed Pikel
  5147 | D:4      | HP: 6/50 [Pikel/whip of electrocution (12)]
  5149 | D:4      | Slain by Pikel

Skill      XL: |  1  2  3  4  5  6  7 |
---------------+----------------------+-----
Maces & Flails | 3 4 5 6 |  6.9
Dodging        | 3 4 5 |  5.1
Armour         | 2 |  2.0
Fighting       | |  2.0
Throwing       | |  1.7

Action                   |  1- 3 |  4- 6 |  7- 9 || total
-------------------------+-------+-------+-------++-------
Melee: Flail             |   128 |   128 |   103 ||   359
       Kick              |       |       |    23 ||    23
  Use: Potion            |       |       |     5 ||     5
 Stab: Sleeping          |     9 |     1 |     1 ||    11
  Eat: Ration            |     1 |     1 |       ||     2
       Chunk             |     1 |     3 |     2 ||     6
Armor: Leather armour    |    45 |    30 |    21 ||    96
Dodge: Dodged            |   120 |   158 |    70 ||   348

Vault maps used:
D:1:      dpeg_chamrin_arrival_tetris, minmay_misc_feat_encased
D:2:      grunt_temple_overflow_open, uniq_crazy_yiuf_cottage, uniq_sigmund
D:4:      evilmike_ruin_ashenzari, uniq_natasha, uniq_ijyb, uniq_pikel
D:5:      temple_green, first_ration, uniq_edmund

Table legend:
 A = Turns spent in this place as a percentage of turns spent in the entire game.
 B = Non-inter-level travel turns spent in this place as a percentage of non-inter-level travel turns spent in the entire game.
 C = Inter-level travel turns spent in this place as a percentage of turns spent in this place.
 D = Turns resting spent in this place as a percentage of non-inter-level travel turns spent in this place.
 E = Turns spent auto-exploring this place as a percentage of non-inter-level travel turns spent in this place.
 F = Non-inter-level travel turns spent in this place divided by the number of levels of this place that you've seen.
                   A       B       C       D       E      F
               +-------+-------+-------+-------+-------+----------------------
         Total | 100.0 | 100.0 |   0.3 |  32.2 |  46.2 | 1026.8
       Dungeon | 100.0 | 100.0 |   0.3 |  32.2 |  46.2 | 1026.8
               +-------+-------+-------+-------+-------+----------------------

Table legend:
 A = Kills in this place as a percentage of kills in entire the game.
 B = Kills by you in this place as a percentage of kills by you in the entire game.
 C = Kills by friends in this place as a percentage of kills by friends in the entire game.
 D = Other kills in this place as a percentage of other kills in the entire game.
 E = Experience gained in this place as a percentage of experience gained in the entire game.
 F = Experience gained in this place divided by the number of levels of this place that you have seen.
                   A       B       C       D       E      F
               +-------+-------+-------+-------+-------+----------------------
         Total | 100.0 | 100.0 |   N/A |   N/A | 100.0 | 251.2
       Dungeon | 100.0 | 100.0 |   N/A |   N/A | 100.0 | 251.2
               +-------+-------+-------+-------+-------+----------------------
